 Dungeon Crawl Stone Soup version 0.31-a0-851-g7ff8af7976 (webtiles) character file.

Game seed: 4026689900984669622

1948 CrazyBamboolord the Trooper (level 9, -5/92 HPs)
             Began as an Ogre Air Elementalist on Oct 7, 2023.
             Was a Believer of Sif Muna.
             Slain by a kobold brigand
             ... wielding a +0 war axe
              (8 damage)
             ... in a bailey.
             The game lasted 00:13:09 (7442 turns).

CrazyBamboolord the Trooper (Ogre Air Elementalist) Turns: 7442, Time: 00:13:10

Health: -5/92      AC: 10    Str: 13 (14) XL:     9   Next: 18%
Magic:  1/18       EV: 10    Int: 24 (26) God:    Sif Muna [**....]
Gold:   278        SH:  0    Dex:  7 (9)  Spells: 10/20 levels left

rFire   . . .        p - +3 hand axe (freeze)
rCold   . . .        (no shield)
rNeg    . . .        F - +0 steam dragon scales
rPois   .            (helmet restricted)
rElec   .            (no cloak)
rCorr   .            (gloves unavailable)
SInv    .            (boots unavailable)
Will    .....        (no amulet)
Stlth   +            n - +4 ring of protection
HPRegen 0.35/turn    D - +6 ring of intelligence
MPRegen 0.16/turn

%: no passive effects
@: lethally poisoned (-5 -> -6), about to teleport
A: large, unfitting armour, tough skin 1
a: Renounce Religion, Channel Magic


You were in a bailey.
You worshipped Sif Muna.
Sif Muna was pleased with you.
You visited 1 branch of the dungeon, and saw 7 of its levels.
You also visited: Bailey.

You collected 278 gold pieces.

Inventory:

Hand Weapons
 p - a +3 hand axe of freezing (weapon)
Missiles
 e - a throwing net
Armour
 F - +0 steam dragon scales (worn)
Jewellery
 b - a ring of see invisible
 n - a +4 ring of protection (left hand)
 q - a +5 ring of evasion
 D - a +6 ring of intelligence (right hand)
Wands
 c - a wand of flame (44)
 E - a wand of charming (12)
Scrolls
 g - a scroll of teleportation
 j - a scroll of torment {unknown}
 o - a scroll of revelation
 s - a scroll of butterflies
 u - a scroll of fog {unknown}
 v - a scroll of enchant weapon
 w - a scroll of fear {unknown}
 x - a scroll of silence {unknown}
 y - a scroll of vulnerability {unknown}
 z - a scroll of blinking {unknown}
 A - a scroll of brand weapon {unknown}
Potions
 d - a potion of mutation
 f - a potion of degeneration
 h - a potion of brilliance {unknown}
 i - a potion of attraction {unknown}
 k - 2 potions of enlightenment {unknown}
 l - a potion of might
 m - a potion of resistance {unknown}
 r - a potion of haste {unknown}
 t - 3 potions of curing {unknown}
 B - a potion of lignification {unknown}
 C - a potion of cancellation {unknown}


   Skills:
 * Level 6.7 Fighting
 + Level 3.7 Dodging
 - Level 1.4 Stealth
 * Level 6.3 Spellcasting
 * Level 4.9 Conjurations
 * Level 5.5 Air Magic
 + Level 2.9 Invocations


You had 10 spell levels left.
You knew the following spells:

 Your Spells              Type           Power      Damage    Failure   Level
a - Shock                 Conj/Air       100%       1d9       1%          1
b - Static Discharge      Conj/Air       64%        2-5/arc   1%          2
c - Swiftness             Air            34%        N/A       2%          3
d - Airstrike             Air            17%        2d(3-19)  8%          4

Your spell library contained the following spells:

 Spells                   Type           Power      Damage    Failure   Level
 Inner Flame              Hex/Fire       7%         N/A       24%         3
 Yara's Violent Unravell  Hex/Tmut       3%         3d4       91%         5
 Enfeeble                 Hex            3%         N/A       100%        7


Dungeon Overview and Level Annotations

Branches:
Dungeon (7/15)             Temple (0/1) D:7          Bailey (1/1)

Altars:
Sif Muna
The Shining One

Shops:
D:2 (   D:6 =


Innate Abilities, Weirdness & Mutations

You are too large for most types of armour.
You have tough skin. (AC +1)


Message History

The kobold brigand hits you but does no damage.
The kobold brigand closely misses you.
Casting: Static Discharge (safe; 1% risk of failure)
Confirm with . or Enter, or press ? or * to list all spells.
The kobold brigand is struck by an arc of lightning.
The kobold brigand is severely wounded.
You are struck by an arc of lightning.
The kobold brigand is struck by an arc of lightning.
The kobold brigand is almost dead.
The lightning grounds out.
The kobold brigand is struck by an arc of lightning.
The kobold brigand is moderately wounded.
You are struck by an arc of lightning.
The kobold brigand is struck by an arc of lightning.
You kill the kobold brigand!
Sif Muna accepts your kill.
The lightning grounds out.
You feel sick.
The kobold brigand throws a poisoned dart.
The poisoned dart barely misses you.
Unknown command.
As you read the scroll of teleportation, it crumbles to dust.
You feel strangely unstable.
You feel sick.
The kobold brigand hits you with a +0 war axe.
* * * LOW HITPOINT WARNING * * *
Unknown command.
You feel sick.
The kobold brigand hits you with a +0 war axe.
* * * LOW HITPOINT WARNING * * *
The kobold brigand attacks as it pursues you!
The kobold brigand hits you with a +0 war axe.
* * * LOW HITPOINT WARNING * * *
Unknown command.
It was a potion of degeneration.
There was something very wrong with that liquid.
You feel weakened.
You feel dopey.
You feel clumsy.
You feel sick.
The kobold brigand hits you with a +0 war axe!
* * * LOW HITPOINT WARNING * * *
The kobold brigand hits you with a +0 war axe!
You die...

#.###~(..(....~~##
#....~~.......~~..
#.###~~.......~~##
#....~~.......~~..
#.###~~.......~~##
#....~~.......~~.
#.###~~.......~~
#....~~)......~~
#####~(.@.....~~
##~)KK....~#
####o''#### K...#
...(∩# .8...#
.(..## #'### ..


You could see an orc warrior and 3 kobold brigands.

Vanquished Creatures
  Maggie (D:7)
  Sigmund (D:3)
  A water moccasin (D:6)
  An orc warrior (D:6)
  A black bear (D:5)
  A phantom (D:5)
  A centaur (D:6)
  4 kobold brigands (Bailey)
  3 scorpions
  2 hounds (D:4)
  2 orc priests (D:5)
  5 iguanas
  A sleepcap (D:5)
  4 orc wizards
  9 adders
  A shadow imp (D:5)
  3 white imps (D:6)
  An ufetubus (D:6)
  3 worms (D:3)
  2 dart slugs
  13 orcs
  13 ball pythons
  4 endoplasms
  2 giant cockroaches
  11 goblins
  10 hobgoblins
  2 jackals (D:1)
  17 kobolds
  8 quokkas
  11 bats
  5 frilled lizards
  3 goblin skeletons (D:5)
  A goblin zombie (D:5)
  2 hobgoblin zombies (D:5)
  A kobold zombie (D:5)
  3 orc skeletons (D:5)
  2 orc zombies (D:5)
  7 rats
162 creatures vanquished.

Notes
Turn   | Place    | Note
-------+----------+-------------------------------------------
     0 | D:1      | CrazyBamboolord the Ogre Air Elementalist began the quest
                  | for the Orb.
     0 | D:1      | Reached XP level 1. HP: 16/16 MP: 3/3
    91 | D:1      | Reached skill level 1 in Conjurations
   154 | D:1      | Reached XP level 2. HP: 26/26 MP: 3/5
   157 | D:1      | Learned a level 2 spell: Static Discharge
   190 | D:1      | Reached skill level 1 in Fighting
   633 | D:1      | Reached XP level 3. HP: 33/33 MP: 0/7
   637 | D:1      | Learned a level 3 spell: Swiftness
  1491 | D:2      | Found Roitaec's Antique Weapon Boutique.
  1556 | D:2      | Reached XP level 4. HP: 42/42 MP: 2/8
  2443 | D:3      | Reached XP level 5. HP: 50/50 MP: 6/10
  2827 | D:3      | Noticed Sigmund
  2838 | D:3      | Killed Sigmund
  2839 | D:3      | Reached XP level 6. HP: 50/61 MP: 4/12
  2947 | D:3      | Learned a level 4 spell: Airstrike
  3032 | D:4      | Found a shimmering blue altar of Sif Muna.
  3047 | D:4      | Became a worshipper of Sif Muna the Loreminder
  4211 | D:5      | Entered Level 5 of the Dungeon
  4217 | D:5      | Reached XP level 7. HP: 66/68 MP: 5/13
  4505 | D:5      | Reached skill level 1 in Invocations
  4936 | D:5      | Reached * piety under Sif Muna
  4977 | D:5      | Reached skill level 5 in Fighting
  4977 | D:5      | Reached skill level 5 in Spellcasting
  4977 | D:5      | Reached XP level 8. HP: 7/80 MP: 12/15
  5347 | D:5      | Found a glowing golden altar of the Shining One.
  6053 | D:6      | Identified the +8 ring mail of Panentheism {Regen+ Dex-2
                  | Stlth+}
  6184 | D:6      | Found Keuki's Jewellery Shoppe.
  6648 | D:6      | Reached skill level 5 in Air Magic
  6917 | D:7      | Noticed a shadow
  6964 | D:7      | Found a staircase to the Ecumenical Temple.
  6967 | D:7      | Noticed Maggie
  6979 | D:7      | Killed Maggie
  6980 | D:7      | Reached XP level 9. HP: 18/92 MP: 0/18
  7192 | D:7      | Found a flagged portal.
  7228 | Bailey   | Entered a bailey
  7244 | Bailey   | Reached ** piety under Sif Muna
  7442 | Bailey   | HP: 3/92 [kobold brigand/+0 war axe (11)]
  7442 | Bailey   | Slain by a kobold brigand

Illustrated notes

Levels and vault maps discovered:
D:1:      dpeg_arrival_rooms_b, layout_loops_ring
D:2:      layout_rooms, serial_shops, shop, kennysheep_generic_room_11
D:3:      layout_basic, uniq_sigmund
D:4:      layout_rooms, mainiacjoe_overflow_small_starburst, serial_forest,
          infiniplex_forest_clump_double, infiniplex_forest_end_3,
          infiniplex_forest_end_3, infiniplex_forest_lined_room_2,
          infiniplex_forest_fountain, infiniplex_forest_lined_room_2,
          chequers_serial_rivers_large_a, saegor_snake_ambush
D:5:      layout_gridville, nicolae_tso_besieged_by_evil
D:6:      layout_basic, serial_shops, nicolae_diamond_shop, kennysheep_path_1
D:7:      gammafunk_beogh_shrine, layout_loops_ring,
          minmay_temple_entry_mini_moons, enter_bailey_5,
          serial_co_window_serial, co_window_paths_a, co_window_paths_b,
          co_window_of_opportunity_a, co_window_paths_a, co_window_paths_b,
          co_window_corner_cb, co_window_cross_3, co_window_2corner,
          co_window_of_opportunity_b, co_window_2corner,
          co_window_unsneaky_path_d, co_window_corner_b, glass_columns_a,
          glass_columns_b, nicolae_shop_clearance, uniq_maggie
Bailey:   bailey_axe_3, bailey

Skill      XL: |  1  2  3  4  5  6  7  8 |
---------------+-------------------------+-----
Conjurations   | 1 2 3 4 |  4.9
Fighting       | 1 2 3 5 6 |  6.7
Air Magic      | 3 4 5 |  5.5
Spellcasting   | 3 4 5 6 |  6.3
Dodging        | 2 3 |  3.7
Invocations    | 1 2 |  2.9
Stealth        | |  1.4

Action                     |  1- 3 |  4- 6 |  7- 9 || total
---------------------------+-------+-------+-------++-------
  Melee: Spear             |    29 |    29 |       ||    58
         Punch             |     1 |     3 |       ||     4
         Hand axe          |       |    89 |    35 ||   124
   Cast: Shock             |    72 |   132 |   172 ||   376
         Static Discharge  |       |     3 |    30 ||    33
  Evoke: Wand              |       |       |     1 ||     1
    Use: Scroll            |       |     3 |     4 ||     7
         Potion            |       |       |     3 ||     3
   Stab: Sleeping          |       |     1 |       ||     1
 Armour: Robe              |    35 |    70 |    76 ||   181
         Steam dragon scal |       |       |    31 ||    31
  Dodge: Dodged            |    28 |    53 |    73 ||   154

Table legend: (Time is in decaauts)
 A = Elapsed time spent in this place.
 B = Non-inter-level travel time spent in this place.
 C = Inter-level travel time spent in this place.
 D = Time resting spent in this place.
 E = Time spent auto-exploring this place.
 F = Levels seen in this place.
 G = Mean time per level.
                   A        B        C        D        E       F      G
               +--------+--------+--------+--------+--------+-----+--------+
         Total |   7485 |   7229 |    256 |    532 |   5626 |   8 |  935.6 |
       Dungeon |   7264 |   7008 |    256 |    408 |   5626 |   7 | 1037.7 |
        Bailey |    220 |    220 |      0 |    124 |      0 |   1 |  220.0 |
               +--------+--------+--------+--------+--------+-----+--------+

Top non-repeatable levels by time:
     D:5: 1587 daAuts
     D:4: 1279 daAuts
     D:6: 1111 daAuts
     D:2: 1013 daAuts
     D:1: 1012 daAuts
     D:3: 936 daAuts
     D:7: 324 daAuts
  Bailey: 220 daAuts
